 Dungeon Crawl Stone Soup version 0.26-a0-639-g72c4674329 (webtiles) character file.

Game seed: 15748638571475379720

7 Flugslaktarn the Skirmisher (level 1, -8/20 HPs)
             Began as a Minotaur Fighter on Sept 23, 2020.
             Mangled by an ogre
             ... wielding a +0 giant club
              (9 damage)
             ... on level 4 of the Dungeon.
             The game lasted 00:00:09 (312 turns).

Flugslaktarn the Skirmisher (Minotaur Fighter)       Turns: 312, Time: 00:00:09

Health: -8/20      AC:  7    Str: 20    XL:     1   Next: 83%
Magic:  0/0        EV:  7    Int:  5    God:
Gold:   39         SH:  9    Dex:  9    Spells: 0/0 levels left

rFire    . . .     SeeInvis .   a - +0 war axe
rCold    . . .     Faith    .   c - +0 kite shield
rNeg     . . .     Spirit   .   b - +0 scale mail
rPois    .         Reflect  .   (helmet restricted)
rElec    .         Harm     .   (no cloak)
rCorr    .         Rampage  .   (no gloves)
MR       .....                  (no boots)
Stlth    ..........             (no amulet)
HPRegen  0.06/turn              (no ring)
MPRegen  0.07/turn              (no ring)

@: no status effects
A: retaliatory headbutt, horns 2
a: no special abilities


You were on level 4 of the Dungeon.
You visited 1 branch of the dungeon, and saw 4 of its levels.

You collected 39 gold pieces.

Inventory:

Hand Weapons
 a - a +0 war axe (weapon)
Armour
 b - a +0 scale mail (worn)
 c - a +0 kite shield (worn)
Scrolls
 e - a scroll of magic mapping {unknown}
 f - a scroll of enchant armour {unknown}
Potions
 d - a potion of might
 g - a potion of haste {unknown}


   Skills:
 * Level 3.8 Fighting
 * Level 2.7 Axes
 + Level 3.7 Armour
 + Level 3.7 Shields


You couldn't memorise any spells.
You didn't know any spells.
Your spell library was empty.

Dungeon Overview and Level Annotations

Branches:
Dungeon (4/15)
 Temple: D:4-7

Altars:


Innate Abilities, Weirdness & Mutations

You reflexively headbutt those who attack you in melee.
You have a pair of horns on your head.


Message History

An ogre comes into view. It is wielding a +0 giant club.
The ogre shouts!
An ogre is nearby!
An ogre is nearby!
You block the ogre's attack.
You closely miss the ogre. Your headbutt misses the ogre.
You block the ogre's attack.
You hit the ogre.
The ogre is moderately wounded.
The ogre hits you with a +0 giant club!
You hit the ogre.
The ogre is moderately wounded.
The ogre barely misses you.
You slash the ogre!
The ogre is heavily wounded.
The ogre hits you with a +0 giant club!
Ouch! That really hurt!
* * * LOW HITPOINT WARNING * * *
The ogre hits you with a +0 giant club!
You die...

#.# ####.########
..#.##.....# .
#.#.##...#.# ..
#.#.#......######
#.##.).............#
#..............###.#
###....#...#..# #.#
#@#.##...#..###.#
#O#.##.#.#......#
..#.##.....###..#
####+####.#####..#
##...###........#
##.....########.##
##.......## ##..#
#.........####...##
+.........'.<.....#


You could see an ogre.

Vanquished Creatures
  2 bats
  2 hobgoblins
  A kobold (D:3)
  A frilled lizard (D:3)
6 creatures vanquished.

Notes
Turn   | Place    | Note
-------+----------+-------------------------------------------
     0 | D:1      | Flugslaktarn the Minotaur Fighter began the quest for the
                  | Orb.
     0 | D:1      | Reached XP level 1. HP: 19/19 MP: 0/0
   307 | D:4      | Noticed an ogre
   312 | D:4      | HP: 1/20 [ogre/+0 giant club (13)]
   312 | D:4      | Mangled by an ogre

Illustrated notes

Levels and vault maps discovered:
D:1:      tarquinn_simple_flora_water_b, layout_basic,
          minmay_misc_feat_secret_circle, skrybe_limestone_x
D:2:      layout_loops_ring, grunt_temple_overflow_magic_moments,
          elyvilon_altar_4, nicolae_dithmenos_through_a_glass_darkly,
          uniq_sigmund, uniq_terence
D:3:      layout_basic, nicolae_overflow_crystal_walls
D:4:      layout_loops_corners, minmay_temple_entry_stoned_glass, uniq_eustachio

Action                   || total
-------------------------++-------
Melee: War axe           ||    14
       Headbutt          ||     1
Armor: Scale mail        ||     6
Dodge: Dodged            ||     6
Block: Kite shield       ||     9

Table legend: (Time is in decaauts)
 A = Elapsed time spent in this place.
 B = Non-inter-level travel time spent in this place.
 C = Inter-level travel time spent in this place.
 D = Time resting spent in this place.
 E = Time spent auto-exploring this place.
 F = Levels seen in this place.
 G = Mean time per level.
                   A        B        C        D        E       F      G
               +--------+--------+--------+--------+--------+-----+--------+
         Total |    317 |    242 |     75 |      0 |    191 |   4 |   79.2 |
       Dungeon |    317 |    242 |     75 |      0 |    191 |   4 |   79.2 |
               +--------+--------+--------+--------+--------+-----+--------+

Top non-repeatable levels by time:
     D:3: 117 daAuts
     D:2: 86 daAuts
     D:1: 63 daAuts
     D:4: 50 daAuts
